 Dungeon Crawl Stone Soup version 0.26.1-11-gd32895ea62 (webtiles) character file.

Game seed: 14253827174134838062

224521 Almogavar the Slayer (level 18, -4/171 HPs)
             Began as a Minotaur Berserker on May 5, 2021.
             Was the Champion of Trog.
             Shot with a bolt by a naga sharpshooter (14 damage)
             ... led by Vashnia
             ... on level 3 of the Snake Pit.
             The game lasted 02:04:44 (45316 turns).

Almogavar the Slayer (Minotaur Berserker)          Turns: 45316, Time: 02:04:44

Health: -4/171     AC: 42    Str: 30    XL:     18   Next: 59%
Magic:  15/15      EV: 15    Int:  4    God:    Trog [******]
Gold:   1743       SH: 10    Dex: 12    Spells: 17/17 levels left

rFire    + . .     SeeInvis .   a - +10 scimitar of Yttekiecw {protect, Will+ Str+2}
rCold    . . .     Faith    .   p - +0 buckler
rNeg     . . .     Spirit   .   y - +6 shadow dragon scales
rPois    +         Reflect  +   I - +0 hat of Tuim {+Inv Will+}
rElec    .         Harm     .   g - +2 cloak
rCorr    .         Rampage  .   r - +2 pair of gloves
Will     +++++                  J - +2 pair of boots {Stlth+}
Stlth    +++.......             Z - amulet of reflection
HPRegen  1.38/turn              H - ring of poison resistance
MPRegen  0.14/turn              G - ring of protection from fire

@: lethally poisoned (-4 -> -4), protection aura, regenerating, studying Slings
A: retaliatory headbutt, horns 2, frail 1, low mp 1, subdued magic 1
}: 1/15 runes: decaying
a: Renounce Religion, Evoke Invisibility, Berserk, Trog's Hand, Brothers in Arms


You were on level 3 of the Snake Pit.
You worshipped Trog.
Trog was exalted by your worship.
You visited 5 branches of the dungeon, and saw 30 of its levels.
You also visited: Ice Cave.

You collected 3730 gold pieces.
You spent 1987 gold pieces at shops.

Inventory:

Hand Weapons
 a - the +10 scimitar of Yttekiecw (weapon) {protect, Will+ Str+2}
   (You found it on level 2 of the Lair of Beasts)

   It grants its wielder temporary protection when it strikes (+7 to AC).
   It affects your strength (+2).
   It affects your willpower, your defense against some magical effects.
 w - a +4 vorpal hunting sling
 O - the +1 quarterstaff "Jacem" {vorpal, rElec rN+}
   (Trog gifted it to you on level 3 of the Snake Pit)

   It inflicts extra damage upon your enemies.
   It insulates you from electricity.
   It protects you from negative energy.
Missiles
 m - 440 stones
 o - 270 sling bullets
Armour
 g - a +2 cloak (worn)
 p - a +0 buckler (worn)
 r - a +2 pair of gloves (worn)
 y - +6 shadow dragon scales (worn)
 A - the +8 plate armour of Watchfulness {-Tele rElec Dex+9}
   (You found it in an ice cave)

   It affects your dexterity (+9).
   It insulates you from electricity.
   It prevents most forms of teleportation.
 I - the +0 hat of Tuim (worn) {+Inv Will+}
   (You found it on level 1 of the Snake Pit)

   It affects your willpower, your defense against some magical effects.
   It lets you turn invisible.
 J - a +2 pair of boots of stealth (worn)
 R - a +2 hat of see invisible
 S - a +2 plate armour of poison resistance
 U - a +0 tower shield
 V - the +2 cloak of the Thief {*Fog Slay-2 SInv Stlth+}
   (You found it on level 3 of the Lair of Beasts)

   It affects your accuracy and damage with ranged weapons and melee attacks
   (-2).
   It lets you see invisible.
   It makes you more stealthy.
Jewellery
 c - an uncursed ring of resist corrosion
 h - an uncursed amulet of the acrobat
 j - an uncursed ring of see invisible
 u - the amulet "Vephebas" {Spirit Will+ Str+3 Dex+3}
   (You found it on level 11 of the Dungeon)

   [amulet of guardian spirit]

   It causes incoming damage to be split between your health and magic.
   It affects your strength (+3).
   It affects your dexterity (+3).
   It affects your willpower, your defense against some magical effects.
 B - an uncursed ring of positive energy
 G - a ring of protection from fire (right hand)
 H - a ring of poison resistance (left hand)
 L - an uncursed ring of protection from cold
 M - an uncursed amulet of regeneration
 T - a +6 ring of intelligence
 Y - an uncursed ring of willpower
 Z - an amulet of reflection (around neck)
Wands
 k - a wand of acid (11)
 v - a wand of iceblast (21)
 D - a wand of digging (26)
Scrolls
 d - 3 scrolls of enchant weapon
 f - 19 scrolls of teleportation
 i - 2 scrolls of magic mapping
 q - 6 scrolls of fog
 t - 5 scrolls of fear
 C - 7 scrolls of remove curse
 E - 3 scrolls of silence
 K - 4 scrolls of blinking
 N - a scroll of summoning
 P - 6 scrolls of identify
Potions
 b - a potion of haste
 e - 5 potions of might
 l - 14 potions of curing
 s - 2 potions of resistance
 z - 5 potions of flight
 F - 2 potions of heal wounds
Books
 x - a manual of Slings
Miscellaneous
 n - a box of beasts
 Q - a lightning rod (4/4)
 W - a phial of floods
 X - a condenser vane


   Skills:
 + Level 24.3 Fighting
 - Level 14.4 Long Blades
 - Level 0.3 Maces & Flails
 - Level 2.0 Polearms
 - Level 12.0 Slings
 - Level 18.1 Armour
 + Level 10.7 Dodging
 - Level 6.0 Shields
 * Level 9.8 Evocations


You had 17 spell levels left.
You didn't know any spells.
Your spell library was empty.

Dungeon Overview and Level Annotations

Branches:
Dungeon (15/15)            Temple (0/1) D:5            Lair (6/6) D:8
  Swamp (4/4) Lair:2        Snake (3/4) Lair:3        Slime (0/5) Lair:5
    Orc (2/2) D:10            Elf (0/3) Orc:2        Vaults (0/5) D:13
 Depths (0/5) D:15          IceCv (visited)

Altars:
Nemelex Xobeh
Okawaru
Qazlal
Ru
Sif Muna
Vehumet
Yredelemnul
Zin
The Shining One

Shops:
D:5 [   D:6 *   D:7 :   D:11 !   D:12 *   D:13 }   D:14 [   Orc:1 ?
Orc:2 ?*}(   Snake:1 [   Snake:3 (}

Portals:
Trove: D:14 (show abyssal rune of Zot)

Annotations:
D:11 1 runed translucent door
D:14 2 transporters, exclusion: 2 ice statues, Umatosche's ghost, journeyman GrFi


Innate Abilities, Weirdness & Mutations

You reflexively headbutt those who attack you in melee.
You have a pair of horns on your head.
You are frail. (-10% HP)
Your magical capacity is low. (-10% MP)
Your spells are a little easier to cast, but a little less powerful.


Message History

Vashnia is almost dead.
You feel sick.
You slice Vashnia!!
Vashnia is almost dead.
Vashnia shoots a bolt.
The bolt hits you.
* * * LOW HITPOINT WARNING * * *
The bolt burns you.
* * * LOW HITPOINT WARNING * * *
The naga sharpshooter mumbles some strange words.
The naga sharpshooter magically shoots a bolt.
You reflect the bolt off an invisible shield around you!
You slice Vashnia!!
You kill Vashnia!
Trog accepts your kill.
Trog appreciates your killing of a magic user.
You feel sick.
The naga sharpshooter gestures wildly while chanting.
The naga sharpshooter magically shoots a bolt.
The bolt hits you!
You die...

..............
######...#####
#....#...#....
#....##.##....
#.....#.#..... ##
###.....#.#.....
.>###(###.(.............
....).(((..(N....##.....
#...(()@.(.))...####....
........####(....##.....
..#.....# ##..........#
####..# #((.........
##.# #.########.. ##.
### ### #


You could see a naga sharpshooter.

Vanquished Creatures
  Vashnia (Snake:3)
  A lich (D:11)
  Jorgrun (Orc:1)
  Asterion (Snake:3)
  Gastronok (D:12)
  The ghost of wpisznazwe the Fencer, an adept DsGl of Dithmenos (Swamp:3)
  Kirke (D:14)
  A thorn hunter (Swamp:4)
  Agnes (D:14)
  A fenstrider witch (Swamp:4)
  5 nagarajas
  Louise (Swamp:4)
  A caustic shrike zombie (D:15)
  An orc warlord (D:10)
  2 very ugly things (IceCv)
  Azrael (Snake:3)
  2 green draconians (Swamp:4)
  4 bunyips
  Snorg (D:11)
  3 eleionomae
  3 shambling mangroves
  The ghost of Quickbrownfox the Basher, a journeyman MiMo of Okawaru (D:11)
  Josephine (Orc:1)
  2 deep elf high priests
  4 vault guards (D:13)
  7 naga warriors
  23 hydras
  3 boulder beetles
  Harold (D:9)
  5 anacondas
  A ghost crab (Swamp:4)
  2 death knights
  4 catoblepae
  8 centaur warriors
  6 two-headed ogres
  A tengu warrior (D:15)
  10 death yaks (Lair:6)
  8 alligators
  12 naga sharpshooters
  5 shock serpents
  6 skeletal warriors
  6 goliath frogs
  A salamander mystic (Snake:3)
  2 naga ritualists
  5 bog bodies
  7 spriggan druids
  A flayed ghost (D:15)
  A wizard (D:14)
  15 swamp dragons
  2 unseen horrors
  Pikel (D:9)
  2 necromancers
  7 mana vipers
  4 orc knights
  5 ugly things
  A wolf spider zombie (D:13)
  2 deep elf magi
  A salamander (shapeshifter) (D:13)
  An orc sorcerer (D:10)
  9 salamanders
  6 will-o-the-wisps
  8 elephants
  3 cyclopes
  6 manticores
  2 centaur zombies
  2 guardian serpents (Snake:1)
  24 black mambas
  10 naga magi
  A moth of wrath (shapeshifter) (D:11)
  7 cane toads
  A torpor snail (Lair:5)
  6 ice statues
  2 gargoyles
  A centaur skeleton (D:13)
  A molten gargoyle (D:13)
  4 kobold demonologists (D:15)
  An efreet (D:15)
  8 komodo dragons
  A yaktaur (D:15)
  4 freezing wraiths
  3 anaconda simulacra (IceCv)
  8 trolls
  2 tengu conjurers (D:15)
  Grinder (D:4)
  2 polar bears
  A meliai (D:13)
  10 tyrant leeches
  25 hornets
  A bloated husk (Swamp:2)
  12 blink frogs
  13 dream sheep
  A deep troll zombie (D:15)
  A spriggan zombie (D:15)
  Sigmund (D:6)
  23 spriggans
  A centaur simulacrum (D:15)
  9 wraiths
  50 yaks
  An ettin skeleton (D:15)
  4 shadows
  A dire elephant simulacrum (IceCv)
  4 hogs (D:14)
  3 vampires (D:11)
  4 wyverns
  Eustachio (D:6)
  Grum (D:9)
  3 basilisks
  5 fire elementals
  4 vampire mosquitoes
  6 wargs
  An acid dragon (D:14)
  A harpy simulacrum (IceCv)
  21 swamp worms
  3 iron troll simulacra (IceCv)
  15 water moccasins
  3 hell hounds (Snake:3)
  23 nagas
  A hydra simulacrum (IceCv)
  A black bear (shapeshifter) (D:15)
  A meliai simulacrum (D:11)
  4 black bears
  5 phantoms
  12 swamp drakes
  5 sky beasts
  22 ice beasts
  38 orc warriors
  An eye of draining (shapeshifter) (D:14)
  17 ogres
  11 wolves
  2 necrophages
  32 centaurs
  5 big kobolds
  18 bullfrogs
  2 wyvern zombies
  2 scorpions
  A water moccasin skeleton (D:5)
  A wyvern skeleton (D:6)
  19 killer bees
  13 wights
  An electric eel (Lair:2)
  4 howler monkeys
  A lava snake (D:13)
  A crimson imp (Orc:2)
  2 bullfrog zombies (D:11)
  4 jellies
  6 hounds
  12 orc priests
  4 bullfrog skeletons
  20 orc wizards
  An iron imp (Orc:2)
  4 iguanas
  13 worker ants
  6 hell rats (Lair:3)
  A killer bee zombie (D:9)
  2 hound zombies
  A howler monkey zombie (D:8)
  5 worker ant zombies
  10 gnolls
  15 adders
  5 shadow imps
  7 white imps
  An ufetubus (D:5)
  An ooze (D:4)
  An adder zombie (D:8)
  An adder skeleton (D:5)
  4 worms
  3 dart slugs
  9 leopard geckos
  83 orcs
  16 giant cockroaches
  14 goblins
  9 hobgoblins
  11 jackals
  27 kobolds
  5 quokkas
  2 ball pythons (D:3)
  7 bats
  7 frilled lizards
  A leopard gecko skeleton (D:4)
  2 quokka skeletons
  10 rats
1135 creatures vanquished.

Vanquished Creatures (collateral kills)
  the Lernaean hydra (Swamp:4)
  A deep elf mage (Orc:2)
  An orc warrior (Orc:2)
  An orc wizard (Orc:2)
  3 orcs (Orc:2)
7 creatures vanquished.

Vanquished Creatures (others)
  A hornet (Swamp:1)
  A spriggan (Swamp:2)
  An orc warrior (Orc:2)
  2 orcs (Orc:2)
  A kobold (D:15)
  10 foxfires
  12 fungi
  30 plants
  9 withered plants (D:15)
67 creatures vanquished.

Grand Total: 1209 creatures vanquished

Notes
Turn   | Place    | Note
-------+----------+-------------------------------------------
     0 | D:1      | Almogavar the Minotaur Berserker began the quest for the
                  | Orb.
     0 | D:1      | Reached XP level 1. HP: 19/19 MP: 0/0
   135 | D:1      | Reached XP level 2. HP: 25/27 MP: 1/1
   161 | D:1      | Reached skill level 4 in Fighting
   407 | D:1      | Reached * piety under Trog
   640 | D:1      | Reached XP level 3. HP: 20/33 MP: 2/2
  1335 | D:2      | Reached XP level 4. HP: 32/41 MP: 3/3
  1603 | D:2      | Reached ** piety under Trog
  1836 | D:2      | Reached skill level 5 in Long Blades
  2340 | D:3      | Found a basalt altar of Yredelemnul.
  2416 | D:3      | Reached skill level 5 in Fighting
  2416 | D:3      | Reached XP level 5. HP: 48/48 MP: 4/4
  2831 | D:3      | Found a sacrificial altar of Ru.
  3280 | D:4      | Reached XP level 6. HP: 51/56 MP: 5/5
  3552 | D:4      | Noticed Grinder
  3561 | D:4      | Killed Grinder
  3564 | D:4      | Reached XP level 7. HP: 61/61 MP: 6/6
  3617 | D:4      | Reached *** piety under Trog
  3933 | D:5      | Entered Level 5 of the Dungeon
  4015 | D:5      | Reached skill level 5 in Armour
  4160 | D:5      | Found Fufrezij's Armour Shoppe.
  4187 | D:5      | Reached skill level 6 in Fighting
  4187 | D:5      | Reached XP level 8. HP: 70/70 MP: 7/7
  4458 | D:5      | Found a glowing golden altar of the Shining One.
  4554 | D:5      | Found a staircase to the Ecumenical Temple.
  4750 | D:5      | Found a radiant altar of Vehumet.
  4750 | D:5      | Found a shimmering blue altar of Sif Muna.
  4809 | D:6      | Reached **** piety under Trog
  4841 | D:6      | Found Zin's Purification Station.
  4842 | D:6      | Found a glowing silver altar of Zin.
  4889 | D:6      | Reached skill level 10 in Long Blades
  5015 | D:6      | Reached skill level 7 in Fighting
  5124 | D:6      | Reached XP level 9. HP: 79/79 MP: 8/8
  5247 | D:6      | Noticed Sigmund
  5260 | D:6      | Killed Sigmund
  5657 | D:6      | Noticed Eustachio
  5670 | D:6      | Killed Eustachio
  6023 | D:7      | Reached ***** piety under Trog
  6314 | D:7      | Found a stormy altar of Qazlal.
  6328 | D:7      | Found Wuenaitt's Book Emporium.
  6382 | D:7      | Reached skill level 8 in Fighting
  6534 | D:7      | Found a sparkling altar of Nemelex Xobeh.
  6535 | D:7      | Found an iron altar of Okawaru.
  6914 | D:8      | Found a staircase to the Lair.
  6990 | D:8      | Reached XP level 10. HP: 89/89 MP: 9/9
  7019 | D:8      | You fall into a shaft and drop 2 floors!
  7019 | D:10     | Entered Level 10 of the Dungeon
  7029 | D:10     | Noticed a two-headed ogre
  7426 | D:8      | Reached skill level 10 in Armour
  7945 | D:9      | Noticed Grum
  7959 | D:9      | Reached skill level 9 in Fighting
  7964 | D:9      | Killed Grum
  8371 | D:9      | Reached skill level 5 in Dodging
  8417 | D:9      | Reached XP level 11. HP: 54/97 MP: 10/10
  8514 | D:9      | Noticed Harold
  8530 | D:9      | Killed Harold
  8596 | D:9      | Noticed Pikel
  8606 | D:9      | Killed Pikel
  9049 | D:9      | Reached skill level 10 in Fighting
  9262 | D:10     | Found a staircase to the Orcish Mines.
  9289 | D:10     | Killed a two-headed ogre
  9445 | D:10     | Noticed a two-headed ogre
  9457 | D:10     | Killed a two-headed ogre
  9661 | D:10     | Identified a scroll of acquirement
  9661 | D:10     | Acquired a manual of Slings
  9693 | Orc:1    | Entered Level 1 of the Orcish Mines
  9693 | Orc:1    | Noticed an orc knight
  9721 | D:10     | Killed an orc knight
  9722 | D:10     | Reached skill level 1 in Slings
  9723 | D:10     | Reached ****** piety under Trog
  9790 | Orc:1    | Noticed an orc sorcerer
  9806 | D:10     | Killed an orc sorcerer
  9959 | Orc:1    | Noticed an orc warlord
 10141 | D:10     | Killed an orc warlord
 10142 | D:10     | Reached skill level 11 in Fighting
 10325 | Orc:1    | Received a gift from Trog
 10326 | Orc:1    | Reached XP level 12. HP: 79/110 MP: 11/11
 10409 | Orc:1    | Reached skill level 5 in Slings
 10760 | Orc:2    | Entered Level 2 of the Orcish Mines
 10785 | Orc:2    | Noticed Josephine
 11055 | Orc:1    | Killed Josephine
 11174 | Orc:1    | Reached skill level 12 in Fighting
 12187 | Orc:2    | Found a staircase to the Elven Halls.
 12376 | Orc:2    | Received a gift from Trog
 12468 | Orc:2    | Found Uress's Assorted Antiques.
 12468 | Orc:2    | Found Edeigg's Gadget Shop.
 12471 | Orc:2    | Found Feckis's Antique Weapon Boutique.
 12473 | Orc:2    | Found Ogroz's Magic Scroll Shoppe.
 12485 | Orc:2    | Bought a scroll of blinking for 112 gold pieces
 12705 | Orc:2    | Reached skill level 10 in Slings
 13411 | Orc:1    | Noticed Jorgrun
 13436 | Orc:1    | Killed Jorgrun
 13501 | Orc:1    | Found Saphoaf's Magic Scroll Shop.
 13709 | Lair:1   | Entered Level 1 of the Lair of Beasts
 14410 | Lair:1   | Reached XP level 13. HP: 119/119 MP: 12/12
 14434 | Lair:1   | Received a gift from Trog
 14725 | Lair:1   | Reached skill level 13 in Fighting
 15178 | Lair:2   | Found a staircase to the Swamp.
 15917 | Lair:2   | You fall into a shaft and drop 2 floors!
 16528 | Lair:2   | Got an ichor-stained scimitar
 16545 | Lair:2   | Got a faintly glowing morningstar
 16751 | Lair:2   | Identified the +10 scimitar of Yttekiecw {protect, Will+
                  | Str+2} (You found it on level 2 of the Lair of Beasts)
 16755 | Lair:2   | Gained mutation: Your spells are a little easier to cast,
                  | but a little less powerful. [mutagenic glow]
 16902 | Lair:3   | Identified the +4 morningstar of Suqurrai {vorpal, *Contam
                  | rN+++ Int+3 Dex+5} (You found it on level 2 of the Lair of
                  | Beasts)
 16933 | Lair:3   | Gained mutation: Your magical capacity is low. (-10% MP)
                  | [mutagenic glow]
 16955 | Lair:3   | Reached skill level 15 in Armour
 17343 | Lair:3   | Reached skill level 14 in Fighting
 17378 | Lair:3   | Found the +2 cloak of the Thief {*Fog Slay-2 SInv Stlth+}
 17391 | Lair:3   | Found a staircase to the Snake Pit.
 18137 | Lair:4   | Received a gift from Trog
 19081 | Lair:5   | Reached skill level 15 in Fighting
 19599 | Lair:5   | Found a staircase to the Slime Pits.
 19706 | Lair:6   | Entered Level 6 of the Lair of Beasts
 19718 | Lair:5   | Reached XP level 14. HP: 125/135 MP: 11/11
 19828 | Lair:6   | Reached skill level 1 in Shields
 20205 | Lair:6   | Reached skill level 16 in Fighting
 20593 | Lair:6   | Reached skill level 1 in Polearms
 21174 | Lair:6   | Received a gift from Trog
 21564 | Lair:6   | Reached skill level 17 in Fighting
 22252 | Lair:6   | Reached skill level 1 in Evocations
 22441 | Lair:6   | Got a smoking hand axe
 22442 | Lair:6   | Lost intelligence.
 22442 | Lair:6   | Identified the +5 hand axe of the Sea {protect, rElec Str+5
                  | Int-5 Dex+3} (You found it on level 6 of the Lair of
                  | Beasts)
 23033 | D:11     | Noticed Quickbrownfox's ghost (journeyman MiMo)
 23035 | D:11     | Noticed a lich
 23179 | D:11     | Found a runed translucent door.
 23191 | D:11     | Found a runed translucent door.
 23229 | D:11     | Killed a lich
 23286 | D:11     | Killed Quickbrownfox's ghost
 23332 | D:11     | Got a sparkling ivory amulet
 23343 | D:11     | Identified the amulet "Vephebas" {Spirit Will+ Str+3 Dex+3}
                  | (You found it on level 11 of the Dungeon)
 23412 | D:11     | Found Bidayxej's Distillery.
 23457 | D:11     | Reached skill level 18 in Fighting
 23759 | D:11     | Noticed Snorg
 23768 | D:11     | Killed Snorg
 24056 | D:12     | Found Ynewat's General Store.
 24084 | D:12     | Received a gift from Trog
 24137 | D:12     | Reached XP level 15. HP: 149/149 MP: 12/12
 24245 | D:12     | Noticed Gastronok
 24266 | D:12     | Killed Gastronok
 25719 | D:13     | Found a gate to the Vaults.
 25740 | D:13     | Reached skill level 5 in Shields
 25812 | D:13     | Reached skill level 19 in Fighting
 26009 | D:13     | Found Qoaschuimu's Gadget Boutique.
 26960 | D:14     | Found Osytelab's Armour Emporium.
 26967 | D:14     | Noticed Agnes
 26975 | D:14     | Killed Agnes
 27208 | D:14     | Bought +1 shadow dragon scales for 1305 gold pieces
 27337 | D:14     | Noticed Umatosche's ghost (journeyman GrFi)
 27342 | D:14     | Found a transporter.
 27438 | D:14     | Found a transporter.
 27479 | D:14     | Received a gift from Trog
 27481 | D:14     | Noticed Kirke
 27496 | D:14     | Killed Kirke
 27993 | D:14     | Reached skill level 20 in Fighting
 28280 | D:14     | Found a portal to a secret trove of treasure.
 28826 | D:15     | Entered Level 15 of the Dungeon
 29057 | D:15     | Found a basalt altar of Yredelemnul.
 29375 | D:15     | Reached XP level 16. HP: 165/165 MP: 13/13
 29421 | D:15     | Gained mutation: You are frail. (-10% HP) [a neqoxec]
 29673 | D:15     | Found a staircase to the Depths.
 29922 | D:15     | Received a gift from Trog
 30245 | D:15     | Reached skill level 5 in Evocations
 30849 | Swamp:1  | Entered Level 1 of the Swamp
 32170 | Swamp:2  | Reached skill level 21 in Fighting
 32365 | Swamp:2  | Reached skill level 10 in Dodging
 33482 | Swamp:2  | Received a gift from Trog
 35195 | Swamp:3  | Reached XP level 17. HP: 136/158 MP: 12/14
 35342 | Swamp:3  | Found a large runed translucent door.
 35342 | Swamp:3  | Found a large runed translucent door.
 35348 | Swamp:3  | Noticed wpisznazwe's ghost (adept DsGl)
 35375 | Swamp:3  | Killed wpisznazwe's ghost
 35380 | Swamp:3  | Identified Yggaij's Handbook of Changing
 35543 | Swamp:4  | Entered Level 4 of the Swamp
 35548 | Swamp:4  | Reached skill level 22 in Fighting
 35697 | Swamp:4  | Noticed Louise
 35724 | Swamp:4  | Killed Louise
 36819 | Swamp:4  | Received a gift from Trog
 36869 | Swamp:4  | Noticed the 27-headed Lernaean hydra
 36879 | Swamp:4  | Killed the 27-headed Lernaean hydra
 38408 | Swamp:4  | Got a decaying rune of Zot
 38728 | Snake:1  | Entered Level 1 of the Snake Pit
 39552 | Snake:1  | Found Defixus's Armour Shop.
 39954 | Snake:1  | Reached skill level 23 in Fighting
 40297 | Snake:1  | Found a transporter.
 40348 | Snake:1  | Found a transporter.
 40453 | Snake:1  | Received a gift from Trog
 40454 | Snake:1  | Reached XP level 18. HP: 35/169 MP: 15/15
 40824 | Snake:1  | Got a pitted hat
 40835 | Snake:1  | Identified the cursed +0 hat of Tuim {+Inv Will+} (You
                  | found it on level 1 of the Snake Pit)
 40892 | Snake:2  | Found a frozen archway.
 40911 | IceCv    | Entered an ice cave
 41810 | IceCv    | Got a jasper-studded plate armour
 41821 | IceCv    | Identified the +8 plate armour of Watchfulness {-Tele rElec
                  | Dex+9} (You found it in an ice cave)
 44327 | Snake:3  | Found Fuihox's Antique Weapon Shoppe.
 44549 | Snake:3  | Found Ogeqadyp's Gadget Shoppe.
 44569 | Snake:3  | Bought a lightning rod (4/4) for 570 gold pieces
 44610 | Snake:3  | Noticed Azrael
 44627 | Snake:3  | Reached skill level 24 in Fighting
 44628 | Snake:3  | Killed Azrael
 44631 | Snake:3  | Received a gift from Trog
 44646 | Snake:3  | Got a masterwork quarterstaff {god gift}
 44652 | Snake:3  | Identified the +1 quarterstaff "Jacem" {vorpal, rElec rN+}
                  | (Trog gifted it to you on level 3 of the Snake Pit)
 44801 | Snake:3  | Noticed Asterion
 44820 | Snake:3  | Killed Asterion
 45255 | Snake:3  | Noticed Vashnia
 45311 | Snake:3  | HP: 8/171 [Vashnia/bolt (3)]
 45316 | Snake:3  | Killed Vashnia
 45316 | Snake:3  | Shot with a bolt by a naga sharpshooter

Illustrated notes

Levels and vault maps discovered:
D:1:      lemuel_arrival_cross, layout_loops_corners, chequers_jeans
D:2:      layout_loops_cross
D:3:      layout_loops_cross, yredelemnul_altar_generic, minmay_misc_feat_tower,
          nicolae_ru_great_annihilating_truth
D:4:      layout_loops_ring, uniq_grinder
D:5:      layout_basic, gammafunk_temple_overflow_elements,
          minmay_temple_entry_steel_oval, serial_shops, shop,
          nicolae_tso_swordbearing_angel
D:6:      layout_basic, zin_purify, kennysheep_path_1, st_stairs_4,
          minivault_24, uniq_eustachio, uniq_sigmund
D:7:      layout_loops_cross, lemuel_crystal_altar,
          nicolae_overflow_hidden_temple, serial_shops, shop,
          minmay_alternating_orb
D:8:      layout_loops_ring, lair_entry_dummy
D:9:      layout_loops_ring, nrook_loot_triangle, uniq_grum, uniq_harold,
          uniq_pikel
D:10:     layout_rooms, minmay_orc_entry_guard_dogs
D:11:     wander_river, layout_loops_ring, serial_shops, shop_coins,
          muffindrake_ghost_dual_entry, uniq_snorg
D:12:     layout_cave_pods, serial_shops, nicolae_shop_behind_doors,
          uniq_gastronok
D:13:     layout_basic, lightli_vaults_fourway_checkpoint, serial_shops,
          nicolae_shop_waterfront
D:14:     layout_loops_ring, hangedman_glass_teeth, nzn_ghost_randoct,
          serial_shops, nicolae_shop_stone, enter_trove_3, minmay_three_doors,
          uniq_kirke, uniq_agnes
D:15:     gammafunk_depths_entry_grave, layout_stronghold, basic_altar,
          evilmike_butchery
Lair:1:   layout_cave_pods, worms_lemuel
Lair:2:   layout_loops_ring, swamp_mist, ice2_lemuel,
          infiniplex_staircase_pool_2, serial_bayou_shore_a
Lair:3:   layout_hall_layers, minmay_snake_entry_guardpost_small
Lair:4:   layout_loops_ring
Lair:5:   layout_cave_pods, dpeg_slime_entry_corner
Lair:6:   evilmike_catoblepas_cave, layout_small_grid
Swamp:1:  layout_falls_marsh, evilmike_swamp_ruin_house_1
Swamp:2:  nzn_winding_woodlands_cross [nzn_winding_woodlands_5x15_concentric,
          nzn_winding_woodlands_5x15_split_checker,
          nzn_winding_woodlands_5x15_longhouse,
          nzn_winding_woodlands_5x15_lazy_stream,
          nzn_winding_woodlands_15x15_thick_spiral], layout_basic_swamp,
          hangedman_swamp_blocks, infiniplex_staircase_pool
Swamp:3:  layout_falls_marsh, ebering_ghost_disaster_area,
          nicolae_swamp_orc_logging_accident
Swamp:4:  swamp_old_school, layout_basic_swamp, swamp_pool2,
          hangedman_swamp_dais, uniq_louise
Snake:1:  gammafunk_the_bubble [the_bubble_gammafunk_grid], layout_layer_cave,
          serial_shops, nicolae_shop_window_shopping
Snake:2:  layout_layer_cave, portal_ice_cave_entry_horrid_things
Snake:3:  layout_cave_town, grunt_megastairs_1, minmay_shop_star, uniq_vashnia,
          uniq_azrael, uniq_asterion, uniq_aizul
Orc:1:    layout_caves, serial_shops, shop, uniq_jorgrun
Orc:2:    st_orc_rangers, layout_caves, hangedman_minor_magic, uniq_josephine

Skill      XL: |  1  2  3  4  5  6  7  8  9 10 11 12 13 14 15 16 17 18 |
---------------+-------------------------------------------------------+-----
Long Blades    | 4 5 6 7 8 10 12 13 14 | 14.4
Fighting       | 4 5 6 7 8 9 11 12 15 18 20 21 23 24 | 24.3
Dodging        | 3 4 5 6 7 9 10 | 10.7
Armour         | 3 4 5 7 9 11 12 13 15 16 17 18 | 18.1
Slings         | 4 12 | 12.0
Shields        | 4 5 6 |  6.0
Polearms       | 2 |  2.0
Evocations     | 1 4 6 8 9 |  9.8
Maces & Flails | |  0.3

Action                   |  1- 3 |  4- 6 |  7- 9 | 10-12 | 13-15 | 16-18 || total
-------------------------+-------+-------+-------+-------+-------+-------++-------
Melee: Falchion          |    66 |   122 |   387 |   921 |   169 |       ||  1665
       Headbutt          |     5 |    27 |    99 |   237 |   292 |   263 ||   923
       Scimitar          |       |       |       |       |   792 |   780 ||  1572
       Morningstar       |       |       |       |       |     9 |       ||     9
       Spear             |       |       |       |       |     6 |       ||     6
 Fire: Hunting sling     |       |       |       |   123 |   343 |  1363 ||  1829
Invok: Berserk           |       |     3 |     2 |    11 |     5 |     4 ||    25
       Trog's Hand       |       |     1 |     1 |     2 |     3 |     4 ||    11
       Brothers in Arms  |       |       |       |     1 |       |     1 ||     2
Evoke: Wand              |       |       |       |     6 |     1 |     1 ||     8
  Use: Scroll            |     4 |     2 |     6 |     6 |    11 |    19 ||    48
       Potion            |       |       |       |     1 |     7 |     1 ||     9
 Stab: Invisible         |       |     1 |       |       |       |       ||     1
       Paralysed         |       |     1 |       |       |       |       ||     1
       Petrified         |       |       |       |       |     4 |       ||     4
       Petrifying        |       |       |       |       |     1 |       ||     1
       Sleeping          |       |       |       |       |     8 |     4 ||    12
       Distracted        |       |       |       |       |     1 |       ||     1
Armor: Animal skin       |    10 |     1 |       |       |       |       ||    11
       Chain mail        |       |    40 |   149 |   456 |   428 |       ||  1073
       Shadow dragon sca |       |       |       |       |    89 |   776 ||   865
Dodge: Dodged            |    68 |    83 |   204 |   451 |   524 |   710 ||  2040
Block: Other             |       |       |       |       |    73 |       ||    73
       Reflection        |       |       |       |       |     3 |     6 ||     9
       Buckler           |       |       |       |       |       |   223 ||   223
       Rpst.: Falchion   |    20 |    13 |    54 |   107 |    17 |       ||   211
       Scimitar          |       |       |       |       |    92 |    79 ||   171
